 Dungeon Crawl Stone Soup version 0.29.0-4-gdea44cf6ec (webtiles) character file.

Game seed: 17543774565872074725

721 qw the Chopper (level 7, -2/44 HPs)
             Began as a Gargoyle Berserker on Sept 4, 2022.
             Was a Believer of Trog.
             Slain by a wight
             ... wielding a +2 trident
              (3 damage)
             ... on level 6 of the Dungeon.
             The game lasted 00:01:44 (5955 turns).

qw the Chopper (Gargoyle Berserker)                 Turns: 5955, Time: 00:01:45

Health: -2/44      AC: 12    Str: 22    XL:     7   Next: 70%
Magic:  0/7        EV: 10    Int:  8    God:    Trog [**....]
Gold:   399        SH:  0    Dex:  9    Spells: 6/6 levels left

rFire   . . .      SeeInvis .   e - +0 war axe
rCold   . . .      Faith    .   (no shield)
rNeg    + . .      Spirit   +   d - +0 scale mail
rPois   inf        Reflect  .   (no helmet)
rElec   +          Harm     .   (no cloak)
rCorr   .          Rampage  .   (no gloves)
Will    .....                   k - +0 pair of boots
Stlth   ..........              j - amulet of guardian spirit
HPRegen 0.14/turn               (no ring)
MPRegen 0.10/turn               (no ring)

@: on berserk cooldown, slowed, very slow
A: sickness immunity, AC +4, negative energy resistance 1, electricity
resistance, torment resistance 1, petrification resistance
a: Renounce Religion, Berserk, Trog's Hand


You were on level 6 of the Dungeon.
You worshipped Trog.
Trog was pleased with you.
You visited 1 branch of the dungeon, and saw 7 of its levels.

You collected 399 gold pieces.


Innate Abilities, Weirdness & Mutations

You are immune to sickness and miasma.
Your stone body is resilient. (AC +4)
You are immune to poison.
You resist negative energy. (rN+)
You are resistant to electric shocks. (rElec)
You are resistant to unholy torment.
You are immune to petrification.


   Skills:
 - Level 5.0 Fighting
 + Level 7.4 Axes
 - Level 2.1 Armour
 - Level 1.5 Dodging


You had 6 spell levels left.
You didn't know any spells.
Your spell library was empty.

Inventory:

Hand Weapons
 e - a +0 war axe (weapon)
 g - a +0 morningstar
Armour
 d - a +0 scale mail (worn)
 k - a +0 pair of boots (worn)
Jewellery
 h - a ring of fire
 j - an amulet of guardian spirit (around neck)
 p - a +6 ring of strength
Scrolls
 a - a scroll of identify
 o - a scroll of acquirement {unknown}
Potions
 b - a potion of curing
 c - a potion of mutation
 f - a potion of might {unknown}
 i - a potion of brilliance {unknown}
 l - a potion of haste
 m - a potion of heal wounds {unknown}
 n - a potion of cancellation {unknown}

Dungeon Overview and Level Annotations

Branches:
Dungeon (7/15)             Temple (0/1) D:4

Altars:
Cheibriados
Qazlal
Sif Muna
Wu Jian


Message History

The orc closely misses you.
The orc priest hits you but does no damage.
The orc closely misses you.
You slash the orc!
You kill the orc!
Trog accepts your kill.
You hit the orc but do no damage.
The orc priest hits you but does no damage.
The orc closely misses you.
You closely miss the orc. Your punch misses the orc.
The orc priest looks satisfied for a moment.
The orc closely misses you. The wight hits you with a +0 hand axe.
The orc priest barely misses you. The wight closely misses you.
The orc hits you but does no damage.
You closely miss the wight. You hit the orc. The orc priest barely misses you.
The wight hits you but does no damage. The orc closely misses you.
The wight hits you with a +0 hand axe. The wight barely misses you.
The orc closely misses you.
The orc priest hits you but does no damage.
The wight barely misses you.
You hit the orc.
The orc is severely wounded.
You hit the wight.
The orc priest hits you from afar with a +0 trident.
The wight hits you from afar with a +2 trident.
The orc completely misses you. The wight hits you with a +0 hand axe.
The orc priest hits you from afar with a +0 trident.
The wight hits you but does no damage. The orc barely misses you.
The wight hits you but does no damage.
You hit the orc.
You kill the orc!
Trog accepts your kill.
You barely miss the wight. The wight barely misses you.
The orc priest closely misses you.
The wight hits you from afar with a +2 trident.
You barely miss the wight.
The wight is moderately damaged.
The wight hits you with a +0 hand axe. The orc priest closely misses you.
The wight hits you from afar with a +2 trident.
You die...

............##
.........#...........###
................##......
...............>.#..##..
..............#.###.....
............#.#.........
......oz....###.........
#..z))##......##.....
#..@..#......#......
#.....#.............
##...)).............
##..)..............
#.....)...........
#.....>##..........
##.....###..###....
#...### ##..##...? ##..#
#.....#...


You could see 2 wights and an orc priest.

Vanquished Creatures
  A water moccasin (D:5)
  A phantom (D:4)
  A necrophage (D:4)
  A scorpion (D:5)
  2 orc priests
  3 jellies
  2 hounds
  A gnoll bouda (D:5)
  An iguana (D:6)
  2 adders
  3 gnolls (D:5)
  2 ufetubi
  2 worms (D:2)
  4 dart slugs
  16 orcs
  4 endoplasms
  4 giant cockroaches
  10 goblins
  8 hobgoblins
  5 kobolds
  A quokka (D:4)
  2 ball pythons
  3 bats
  5 rats
84 creatures vanquished.

Notes
Turn   | Place    | Note
-------+----------+-------------------------------------------
     0 | D:1      | qw the Gargoyle Berserker began the quest for the Orb.
     0 | D:1      | Reached XP level 1. HP: 14/14 MP: 1/1
     0 | D:1      | 0 ||| qw: Version: 0.1-a-103-gd6f5d3a
     0 | D:1      | 0 ||| qw: Game counter: 5479
     0 | D:1      | 0 ||| qw: Always use a shield: true
     0 | D:1      | 0 ||| qw: Do Orc after D:15 true
     0 | D:1      | 0 ||| qw: Do second Lair branch before Depths: true
     0 | D:1      | 0 ||| qw: Lair rune preference: random
     0 | D:1      | 0 ||| qw: Plans: Normal
     0 | D:1      | 0 ||| PLANNING D:1-11
   116 | D:1      | 116 ||| INVOKING Berserk.
   118 | D:1      | Reached skill level 3 in Axes
   417 | D:1      | Reached XP level 2. HP: 16/19 MP: 2/2
   926 | D:1      | Reached XP level 3. HP: 18/23 MP: 3/3
  1242 | D:1      | 1242 ||| DROPPING orb of mayhem.
  1243 | D:1      | 1243 ||| UPGRADING to +0 ring mail.
  1253 | D:1      | 1253 ||| DROPPING +0 animal skin.
  1254 | D:1      | 1254 ||| UPGRADING to +0 pair of boots.
  1259 | D:1      | 1259 ||| READING scroll labelled UXKIAKAHISM.
  1260 | D:1      | 1260 ||| READING scroll labelled OMACSU YPA.
  1261 | D:1      | 1261 ||| READING scroll labelled DELUHA NEPUHUSS.
  1319 | D:1      | 1319 ||| DRINKING 2 puce potions.
  1320 | D:1      | 1320 ||| DROPPING potion of degeneration.
  1388 | D:2      | 1388 ||| INVOKING Berserk.
  1556 | D:2      | 1556 ||| Stepping ~*~*~tactically~*~*~ (stealth).
  1564 | D:2      | Reached skill level 4 in Axes
  1588 | D:2      | 1588 ||| INVOKING Berserk.
  1790 | D:2      | Found a faded altar of an unknown god.
  2038 | D:2      | 2038 ||| READING scroll labelled JUHEOMNAIZ.
  2039 | D:2      | 2039 ||| DRINKING 2 lumpy orange potions.
  2040 | D:2      | 2040 ||| DRINKING 2 murky white potions.
  2059 | D:3      | 2059 ||| STAIRDANCE
  2173 | D:3      | Found an ornate altar of the Wu Jian Council.
  2307 | D:3      | Reached XP level 4. HP: 28/28 MP: 4/4
  2635 | D:3      | 2635 ||| Stepping ~*~*~tactically~*~*~ (hiding).
  2644 | D:3      | Reached ** piety under Trog
  3023 | D:3      | 3023 ||| UPGRADING to +0 scale mail.
  3033 | D:3      | 3033 ||| DROPPING +0 ring mail.
  3143 | D:4      | Found a staircase to the Ecumenical Temple.
  3199 | D:4      | 3199 ||| Stepping ~*~*~tactically~*~*~ (hiding).
  3201 | D:4      | 3201 ||| INVOKING Berserk.
  3230 | D:4      | Noticed a necrophage
  3231 | D:4      | 3231 ||| FLEEEEING.
  3232 | D:4      | 3232 ||| FLEEEEING.
  3499 | D:4      | 3499 ||| Stepping ~*~*~tactically~*~*~ (hiding).
  3512 | D:4      | Reached skill level 5 in Axes
  3577 | D:4      | 3577 ||| INVOKING Berserk.
  3581 | D:4      | Reached XP level 5. HP: 33/33 MP: 5/5
  3689 | D:4      | 3689 ||| Stepping ~*~*~tactically~*~*~ (stealth).
  3708 | D:4      | 3708 ||| INVOKING Berserk.
  3872 | D:4      | Found a snail-covered altar of Cheibriados.
  3877 | D:4      | 3877 ||| Stepping ~*~*~tactically~*~*~ (stealth).
  3909 | D:4      | 3909 ||| DROPPING +0 whip.
  3939 | D:4      | Found a stormy altar of Qazlal.
  4074 | D:4      | Noticed a phantom
  4099 | D:4      | Killed a phantom
  4100 | D:4      | Reached XP level 6. HP: 28/39 MP: 6/6
  4314 | D:4      | 4314 ||| READING scroll labelled BOHAMY XEIGH.
  4315 | D:4      | 4315 ||| READING scroll labelled NOUT ACYFAICY.
  4316 | D:4      | 4316 ||| READING scroll labelled ZODDUDGHI QOAMI.
  4317 | D:4      | 4317 ||| READING scroll labelled CIASTR SIDGHARPH.
  4418 | D:4      | 4418 ||| DRINKING 2 lumpy coppery potions.
  4467 | D:4      | 4467 ||| DROPPING potion of lignification.
  4480 | D:5      | Entered Level 5 of the Dungeon
  4480 | D:5      | Found a shimmering blue altar of Sif Muna.
  4506 | D:5      | Reached skill level 6 in Axes
  4574 | D:5      | 4574 ||| INVOKING Berserk.
  4589 | D:5      | Reached XP level 7. HP: 41/44 MP: 7/7
  4775 | D:5      | 4775 ||| SWAPPING to +0 war axe.
  4779 | D:5      | 4779 ||| INVOKING Berserk.
  4892 | D:5      | 4892 ||| DROPPING +0 hand axe.
  4896 | D:5      | 4896 ||| DROPPING +0 flail.
  5046 | D:5      | Reached skill level 7 in Axes
  5182 | D:5      | You fall into a shaft and drop 2 floors!
  5186 | D:7      | 5186 ||| DRINKING 2 fizzy inky potions.
  5187 | D:7      | 5187 ||| READING 2 scrolls of identify.
  5187 | D:7      | 5187 ||| IDENTIFYING fizzy black potion
  5188 | D:7      | 5188 ||| DROPPING potion of flight.
  5200 | D:6      | 5200 ||| Stepping ~*~*~tactically~*~*~ (stealth).
  5700 | D:5      | 5700 ||| UPGRADING to amulet of guardian spirit.
  5936 | D:6      | 5936 ||| INVOKING Berserk.
  5953 | D:6      | HP: 9/44 [wight/+2 trident (5)]
  5953 | D:6      | HP: 3/44 [orc priest/+0 trident (2)]
  5955 | D:6      | HP: 1/44 [wight/+0 hand axe (1)]
  5955 | D:6      | Slain by a wight

Levels and vault maps discovered:
D:1:      dpeg_arrival_renting, layout_rooms, hangedman_decor_growths,
          nrook_uturn, minmay_misc_feat_pillars, minmay_statues_item,
          minmay_pentomino_u4
D:2:      layout_rooms, dreamdust_ecumenical_altar_angels_and_demons
D:3:      layout_basic, old_standard_altar, serial_bayou_pond_a
D:4:      layout_basic, mainiacjoe_overflow_six_doors_small,
          mainiacjoe_overflow_brackets, temple_statues
D:5:      minmay_general_purpose_star, layout_cave_pools, lemuel_crystal_altar,
          serial_glass, glass_columns_b, glass_columns_b, glass_columns_a,
          glass_columns_a, glass_columns_a, glass_columns_a, glass_columns_a,
          glass_columns_a, glass_columns_a, glass_columns_b, minivault_26
D:6:      layout_cave_pools
D:7:      minmay_the_grid_octo_tiled_squarecenter
          [minmay_the_grid_octo_pinwheel, minmay_the_grid_octo_checkerflower,
          minmay_the_grid_octo_empty, minmay_the_grid_octo_focus,
          minmay_the_grid_square_5x5_megaprize_hollow,
          minmay_the_grid_square_5x5_one_wall,
          minmay_the_grid_square_5x5_spiral_small,
          minmay_the_grid_square_5x5_eight_small,
          minmay_the_grid_square_5x5_inset], layout_gridville

Skill      XL: |  1  2  3  4  5  6  7 |
---------------+----------------------+-----
Axes           | 3 4 5 6 7 |  7.4
Fighting       | 4 5 |  5.0
Armour         | |  2.1
Dodging        | |  1.5

Action                   |  1- 3 |  4- 6 |  7- 9 || total
-------------------------+-------+-------+-------++-------
Melee: Hand axe          |   119 |   124 |    16 ||   259
       War axe           |       |       |    45 ||    45
Invok: Berserk           |     3 |     4 |     2 ||     9
  Use: Scroll            |     4 |     4 |     1 ||     9
       Potion            |     3 |     1 |     1 ||     5
Armor: Animal skin       |    27 |       |       ||    27
       Ring mail         |    12 |     1 |       ||    13
       Scale mail        |       |    61 |    37 ||    98
Dodge: Dodged            |    60 |    52 |    48 ||   160

Table legend:
 A = Non-vault XP
 B = Vault XP
 C = Vault XP percentage of total XP
 D = Non-vault monster count
 E = Vault monster count
 F = Vault count percentage of total count
                 A         B        C        D         E       F
            +---------+---------+-------+---------+---------+-------
      Total |     981 |      49 |   4.8 |      79 |       5 |   6.0
            +---------+---------+-------+---------+---------+-------
        D:1 |      32 |       7 |  17.9 |      17 |       4 |  19.0
        D:2 |      32 |       0 |   0.0 |       7 |       0 |   0.0
        D:3 |      26 |       0 |   0.0 |      13 |       0 |   0.0
        D:4 |     312 |       0 |   0.0 |      16 |       0 |   0.0
        D:5 |     411 |      42 |   9.3 |      13 |       1 |   7.1
        D:6 |     168 |       0 |   0.0 |      13 |       0 |   0.0
            +---------+---------+-------+---------+---------+-------
